[Event "Moscow-Open 2021_A"]
[Site "Moscow, Russia"]
[Date "2021.02.20"]
[Round "1.1"]
[White "Bocharov, Ivan"]
[Black "Israfilov, Ali"]
[Result "1-0"]
[ECO "B00"]
[WhiteElo "2568"]
[BlackElo "1981"]
[Annotator "zimin"]
[PlyCount "101"]
[EventDate "2021.??.??"]
[TimeControl "90+30"]
[WhiteClock "0:06:10"]
[BlackClock "0:22:16"]

1. e4 Nc6 2. Nf3 d6 3. d4 Bg4 4. Bb5 Nf6 5. h3 Bh5 6. Nc3 a6 7. Ba4 Nd7 8. d5 Ncb8 9. a3 b5 10. Bb3 c5 11. dxc6 Nxc6 12. Qd5 Nce5 13. Nxe5 dxe5 14. Bg5 h6 15. Bh4 Rc8 16. a4 b4 17. Na2 g5 18.
Bg3 e6 19. Qd3 Qa5 20. h4 Bg7 21. hxg5 hxg5 22. Qd2 Bg6 23. Rxh8+ Bxh8 24. Qxg5 Nc5 25. Bh4 Kf8 26. Qe7+ Kg8 27. f3 Bg7 28. Rd1 Bf8 29. Rd8 Rxd8 30. Qxd8 Nxb3 31. cxb3 Qc5 32. Kf1 a5 33. Bf6 Kh7 34. Qd1 Qe3 35. Qe1 Qd3+ 36. Kg1 Kg8 37. Bxe5 Qxb3 38. Nc1 Qxa4 39. Nd3 Bg7 40. Bxg7 Kxg7 41. Qe3 Qb5 42. Qd4+ f6 43. Nc5 Qc6 44. e5 fxe5 45. Qxe5+ Kf7 46. Kf2 Qb6 47. b3 Qc6 48. g4 Ke7 49. Ke3 Bc2 50. f4 Bd1 51. f5 1-0

[Event "Moscow-Open 2021_A"]
[Site "Moscow, Russia"]
[Date "2021.02.20"]
[Round "1.2"]
[White "Pestryakov, Nikita"]
[Black "Rozum, Ivan"]
[Result "0-1"]
[ECO "B14"]
[WhiteElo "1978"]
[BlackElo "2546"]
[Annotator "zimin"]
[PlyCount "56"]
[EventDate "2021.??.??"]
[TimeControl "90+30"]
[WhiteClock "0:16:45"]
[BlackClock "0:56:51"]

1. e4 c6 2. d4 d5 3. exd5 cxd5 4. c4 Nf6 5. Nc3 e6 6. Nf3 Bb4 7. cxd5 Nxd5 8. Qc2 Nc6 9. Bd3 Be7 10. a3 Nf6 11. O-O O-O 12.
Be3 Bd7 13. Rad1 Qa5 14. Ne5 Rfd8 15. b4 Qc7 16. Ne4 Nd5 17.
Ng5 Nxe5 18. Qxc7 Nxc7 19. dxe5 h6 20. Ne4 Bc6 21. Bc5 Rxd3 22.
Rxd3 Bxe4 23. Rd7 Bxc5 24. bxc5 Rc8 25. Rfd1 Bd5 26. h4 Kf8 27. a4 Ke8 28. Rd6 Ke7 0-1

[Event "Moscow-Open 2021_A"]
[Site "Moscow, Russia"]
[Date "2021.02.20"]
[Round "1.3"]
[White "Chertkov, Maksim"]
[Black "Afanasiev, Nikita"]
[Result "0-1"]
[ECO "B06"]
[WhiteElo "1972"]
[BlackElo "2519"]
[Annotator "zimin"]
[PlyCount "144"]
[EventDate "2021.??.??"]
[TimeControl "90+30"]
[WhiteClock "0:04:27"]
[BlackClock "0:09:25"]

1. e4 g6 2. d4 Bg7 3. Nc3 a6 4. Nf3 d6 5. Bc4 e6 6. Bb3 b5 7. a3 Nd7 8. Bg5 Ne7 9. Qd2 h6 10. Bf4 Bb7 11. O-O Nf6 12. Rfe1 c5 13. dxc5 dxc5 14. Qe3 c4 15. Rad1 Qc8 16. Ba2 O-O 17. h3 Kh7 18. Bd6 Re8 19. Ne5 Kg8 20. f4 Nc6 21. Nf3 Ne7 22. a4 Nd7 23. Ba3 Bc6 24. Nd4 e5 25. Nxc6 Nxc6 26. axb5 Nd4 27. Qf2 Nxb5 28. Nd5 Nxa3 29. bxa3 exf4 30. Qxf4 Qc5+ 31. Qf2 Qxf2+ 32. Kxf2 Rac8 33. Rb1 Nc5 34.
Kf3 Ne6 35. Nb6 Ng5+ 36. Kf4 Rc5 37. Nxc4 Rec8 38. Nb6 Be5+ 39. Ke3 Rc3+ 40. Kd2 Rxc2+ 41. Kd1 R8c3 42. Nd5 Rxa2 43. Nxc3 Bxc3 44. Re2 Rxa3 45. Re3 a5 46. Kc2 Bb4 47. Rxa3 Bxa3 48. Kd3 Bb4 49. Kd4 Kg7 50. Kd5 Ne6 51. g3 Kf6 52. Rc1 h5 53. Rc6 Be1 54.
Ra6 Kg7 55. Ra7 Bxg3 56. e5 Be1 57. Kd6 h4 58. Ke7 Ng5 59.
Ke8 Kg8 60. Ke7 Bb4+ 61. Ke8 Bc3 62. Ke7 Bxe5 63. Rxa5 f6 64.
Ra3 Kg7 65. Kd7 Bg3 66. Ke8 Nxh3 67. Ra7+ Kh6 68. Kf7 Be5 69. Kg8 Kg5 70. Kh7 Nf2 71. Rg7 h3 72. Rxg6+ Kf5 0-1

[Event "Moscow-Open 2021_A"]
[Site "Moscow, Russia"]
[Date "2021.02.20"]
[Round "1.4"]
[White "Lobanov, Sergei"]
[Black "Borisov, Yury"]
[Result "1-0"]
[ECO "B42"]
[WhiteElo "2516"]
[BlackElo "1972"]
[Annotator "zimin"]
[PlyCount "53"]
[EventDate "2021.??.??"]
[TimeControl "90+30"]
[WhiteClock "1:22:07"]
[BlackClock "1:23:25"]

1. e4 c5 2. Nf3 e6 3. d4 cxd4 4. Nxd4 a6 5. Bd3
Qc7 6. O-O b5 7. a4 b4 8. Nd2 Nf6 9. Nc4 Bb7 10. e5 Nd5 11. Qg4 g6 12. Bg5 Nc6 13. Nxc6 Bxc6
14. Qg3 f5 15. exf6 d6 16. h4 O-O-O 17. a5 Kb8 18. Nb6 Qb7 19. Nxd5 Bxd5 20. f7
Be7 21. Bxa6 Qa7 22. Bxe7 Qxe7 23. Ra4 Qxf7 24. Rxb4+ Kc7 25. Qc3+ Kd7 26. Bb5+
Ke7 27. Qc7+ 1-0

[Event "Moscow-Open 2021_A"]
[Site "Moscow, Russia"]
[Date "2021.02.20"]
[Round "1.5"]
[White "Kim, Andrey"]
[Black "Maiorov, Nikita"]
[Result "0-1"]
[ECO "E04"]
[WhiteElo "1971"]
[BlackElo "2495"]
[Annotator "zimin"]
[PlyCount "68"]
[EventDate "2021.??.??"]
[TimeControl "90+30"]
[WhiteClock "1:30:57"]
[BlackClock "1:17:48"]

1. d4 Nf6 2. c4 e6 3. g3 d5 4. Nf3 dxc4 5. Bg2 a6 6. Ne5
Bb4+ 7. Nc3 Nd5 8. Bd2 Nb6 9. e3 N8d7 10. f4 O-O 11. O-O c5 12. Ne4 Bxd2 13.
Qxd2 cxd4 14. exd4 Nf6 15. Nc5 Nbd5 16. Nxc4 b6 17. Ne4 Rb8 18. Nxf6+ Nxf6 19.
Rad1 Bb7 20. Ne3 Nd5 21. Ng4 Re8 22. f5 f6 23. Rde1 exf5 24. Rxe8+ Qxe8 25.
Rxf5 Qe6 26. Qf2 Kh8 27. h3 Ne7 28. Rh5 Bxg2 29. Kxg2 Qe4+ 30. Kh2 Qg6 31. Rh4
Nf5 32. d5 Nxh4 33. gxh4 Qd3 34. h5 h6 0-1

[Event "Moscow-Open 2021_A"]
[Site "Moscow, Russia"]
[Date "2021.02.20"]
[Round "1.6"]
[White "Iljiushenok, Ilia"]
[Black "Shinkarov, Artem"]
[Result "1-0"]
[ECO "D37"]
[WhiteElo "2534"]
[BlackElo "1978"]
[Annotator "zimin"]
[PlyCount "85"]
[EventDate "2021.??.??"]
[TimeControl "90+30"]
[WhiteClock "1:30:57"]
[BlackClock "1:17:48"]

1. d4 Nf6 2. Bf4 d5 3. e3 e6 4. Nf3 c5 5. Be2 Nc6 6. O-O Bd6 7. dxc5 Bxc5 8. c4 O-O 9. Nc3 a6 10.
Rc1 d4 11. Na4 Ba7 12. c5 dxe3 13. Bxe3 Nd5 14. Qb3 Nxe3 15. Qxe3 Qf6 16. Bd3 Bd7 17. Bxh7+ Kxh7 18. Qd3+ g6 19. Qxd7 Rab8 20. Qd2 Rbd8 21. Qe3 Bb8 22. Rcd1 e5 23. Nb6 Rxd1 24. Rxd1 Rd8 25. Rxd8 Qxd8 26. Qd2 Nd4 27. Qd3 Kg7 28. Nxd4 exd4 29. b4 Kg8 30. g3 Bc7 31. Nc4 Qd5 32. a3 a5 33. h4 axb4 34. axb4 Qe6 35. Nd2 Be5 36. Qe4 Bf6 37. Qxe6 fxe6 38. Ne4 Be7 39. Kf1 e5 40. Nd6 Bxd6 41. cxd6 Kf7 42. g4 Ke6 43. h5 1-0

[Event "Moscow-Open 2021_A"]
[Site "Moscow, Russia"]
[Date "2021.02.21"]
[Round "2.1"]
[White "Babakekhyan, Artem"]
[Black "Bocharov, Ivan"]
[Result "1/2-1/2"]
[ECO "A07"]
[WhiteElo "2181"]
[BlackElo "2568"]
[Annotator "zimin"]
[PlyCount "82"]
[EventDate "2021.??.??"]
[TimeControl "90+30"]
[WhiteClock "0:04:28"]
[BlackClock "0:53:32"]

1. Nf3 d5 2. g3 c6 3. Bg2 Bg4 4. O-O Nd7 5. h3 Bh5 6. d4 e6 7. c4 Ngf6 8. cxd5 exd5 9. Qb3 Nb6 10.
a4 a5 11. Ne5 Bb4 12. g4 Bg6 13. Bg5 Qd6 14. Nc3 Nfd7 15. Bf4 O-O 16. Bg3 Nxe5 17. dxe5 Qc5 18. Rac1 Qc4 19. Qxc4 Nxc4 20. f4 h5 21. f5 Bh7 22. e4 hxg4 23. hxg4 Rae8 24. exd5 Nxe5 25. Bxe5 Rxe5 26. dxc6 bxc6 27. Bxc6 g6 28. Nd5 gxf5 29. Nf6+ Kg7 30. Nd7 Rfe8 31. Nxe5 Rxe5 32. gxf5 Bxf5 33. Kg2 Be6 34. Rc2 Kf8 35. Rf4 Rg5+ 36. Kf1 Rh5 37. Bf3 Rg5 38. Rc6 Kg7 39. Rxe6 fxe6 40. Rg4 Rxg4 41. Bxg4 Kf6 1/2-1/2

[Event "Moscow-Open 2021_A"]
[Site "Moscow, Russia"]
[Date "2021.02.21"]
[Round "2.2"]
[White "Rozum, Ivan"]
[Black "Medzinovskiy, Petr"]
[Result "1-0"]
[ECO "E68"]
[WhiteElo "2546"]
[BlackElo "2179"]
[Annotator "zimin"]
[PlyCount "63"]
[EventDate "2021.??.??"]
[TimeControl "90+30"]
[WhiteClock "0:36:33"]
[BlackClock "0:21:01"]

1.
Nf3 Nf6 2. c4 g6 3. g3 Bg7 4. Bg2 O-O 5. d4 d6 6. Nc3 Nbd7 7. O-O e5 8. e4 a5 9. Be3 exd4 10. Bxd4 c6 11. Qc2 Nc5 12. Rad1 Qe7 13. Rfe1 Ng4 14. Bxg7 Kxg7 15. b3 Qf6 16. Nd4 Re8 17. f4 h5 18. h3 Nh6 19. Qd2 Ne6 20. Na4 Ra6 21. Nxe6+ Rxe6 22. c5 d5 23. Nb6 Rxb6 24. cxb6 dxe4 25. Qd8 Nf5 26. Qxf6+ Rxf6 27. Rd8 Be6 28. Rxe4 Nxg3 29. Re3 h4 30. Rb8 Rxf4 31. Rxb7 Kf6 32. Rf3 1-0

[Event "Moscow-Open 2021_A"]
[Site "Moscow, Russia"]
[Date "2021.02.21"]
[Round "2.3"]
[White "Chuklin, Ivan"]
[Black "Iljiushenok, Ilia"]
[Result "0-1"]
[ECO "B15"]
[WhiteElo "2181"]
[BlackElo "2534"]
[Annotator "zimin"]
[PlyCount "80"]
[EventDate "2021.??.??"]
[TimeControl "90+30"]
[WhiteClock "1:32:36"]
[BlackClock "1:31:48"]

1. d4 d5 2. e4 c6 3. Nd2 dxe4 4. Nxe4 Nf6 5. Nxf6+ exf6 6. c3 Bd6 7. Bd3 Be6 8.
Ne2 Qc7 9. h3 Nd7 10. O-O O-O 11. c4 Rfd8 12. Qc2 Nf8 13. Be3 Re8 14. Rfd1 Rad8 15. Rab1 Ng6 16. b4 Qc8 17. d5 Bxh3 18. gxh3 Nh4 19. Bxh7+ Kh8 20. Rd4 Qxh3 21. Rxh4 Qxh4 22. Bd3 cxd5 23. cxd5 Qh2+ 24. Kf1 Qh1+ 25. Ng1 Bh2 26. Ke2 Bxg1 27. Qc4 Kg8 28. Qg4 Rxe3+ 29. Kxe3 Qxd5 30. Qe4 Bxf2+ 31. Ke2 Bb6 32. Qxd5 Rxd5 33. Be4
Re5 34. Kf3 Re7 35. Rc1 g6 36. Rc8+ Kg7 37. Rb8 f5 38. Bxb7 Re3+ 39. Kg2 Re2+ 40. Kf3 Rf2+ 0-1

[Event "Moscow-Open 2021_A"]
[Site "Moscow, Russia"]
[Date "2021.02.21"]
[Round "2.4"]
[White "Afanasiev, Nikita"]
[Black "Chetverik, Maxim"]
[Result "1-0"]
[ECO "A01"]
[WhiteElo "2519"]
[BlackElo "2159"]
[Annotator "zimin"]
[PlyCount "69"]
[EventDate "2021.??.??"]
[TimeControl "90+30"]
[WhiteClock "0:09:49"]
[BlackClock "0:00:39"]

1. b3 a5 2. Bb2 a4 3. b4 e6 4. a3 d5 5. e3 Nf6 6. c4 c5 7. cxd5 exd5 8. Nf3 Bd7 9. Bxf6 gxf6 10. bxc5 Bxc5 11. Nc3 Bc6 12. Bb5 Bxb5 13. Nxb5 Qd7 14. Nc3 Rg8 15. g3 Ra5 16. Qb1 Rg7 17. d4 Be7 18. O-O Nc6 19. Nh4 h5 20. Qf5 Rg5 21. Qxd7+ Kxd7 22. Rfb1 Kc8 23. Ng2 Bd6 24. Rb5 Rxb5 25. Nxb5 Bb8 26. Nc3 Na5 27. Nxa4 Nc4 28. Nc3 Bd6 29. a4 Kd7 30. Rb1 Kc6 31. Rb5 Nb6 32. Rb1 Rg8 33. Rc1 Nc4 34. e4 Ba3 35. Rc2 1-0

[Event "Moscow-Open 2021_A"]
[Site "Moscow, Russia"]
[Date "2021.02.21"]
[Round "2.5"]
[White "Sharikov, Alexander"]
[Black "Lobanov, Sergei"]
[Result "1/2-1/2"]
[ECO "B31"]
[WhiteElo "2170"]
[BlackElo "2516"]
[Annotator "zimin"]
[PlyCount "167"]
[EventDate "2021.??.??"]
[TimeControl "90+30"]
[WhiteClock "0:13:48"]
[BlackClock "0:04:34"]

1. e4 c5 2.
Nf3 Nc6 3. Nc3 Nf6 4. Bb5 g6 5. Bxc6 dxc6 6. d3 Bg7 7. h3 Nd7 8. Be3 e5 9. a4 a5 10. Nd2 b6 11. Nc4 Ba6 12. Qd2 Bxc4 13. dxc4 Nf8 14. Rd1 Ne6 15. Qxd8+ Rxd8 16. Rxd8+ Kxd8 17. Ne2 Kc7 18. c3 f5 19. exf5 gxf5 20. f4 h5 21. O-O Bh6 22. Bc1 e4 23. Ng3 Ng7 24.
h4 Rd8 25. Kf2 Rd6 26. Re1 Rg6 27. Nf1 Ne6 28. g3 Bf8 29. Ne3 Ng7 30. Rd1 Rf6 31. Rd2 Rf7 32. Rd1 Ne8 33. Rd2 Nd6 34. Rd1 Kd7 35. Rd2 Ke6 36. Rd1 Rb7 37. Rd2 Be7 38. Rd1 Bf6 39. Rd2 Rb8 40. Rd1 Ne8 41. Rd2 Nc7 42. Rd1 Ne8 43. Rd2 Nd6 44. Rd1 Nf7 45. Rd2 Nh6 46. Rd1 Rg8 47. Rd2 Rc8 48. Rd1 Be7 49. Rd2 Ng8 50. Rd1 Nf6 51. Rd2 Rb8 52. Rd1 Ra8 53. Rd2 Re8 54. Rd1 Rh8 55. Rd2 Rh7 56. Rd1 Rg7 57. Rd2 Ne8 58. Rd1 Nd6 59. Rd2 Rg8 60. Rd1 Rb8 61. Rd2 Bf8 62. Rd1 Rb7 63. Rd2 Bg7 64. Rd1 Bh8 65. Rd2 Bf6 66. Rd1 b5 67. cxb5 cxb5 68. Rd5 bxa4 69. Rxc5 Rb5 70. Rc6 Kd7 71. Ra6 a3 72. bxa3 Bxc3 73. Ke2 Bd4 74. a4 Rb3 75. Nc2 Bb6 76. Be3 Nc4 77. Bxb6 Rxb6 78. Ra7+ Kd6 79. Nd4 Rb2+ 80. Ke1 Rb1+ 81. Ke2 Rb2+ 82. Ke1 Rb1+ 83. Ke2 Rb2+ 84. Nc2 1/2-1/2

[Event "Moscow-Open 2021_A"]
[Site "Moscow, Russia"]
[Date "2021.02.21"]
[Round "2.6"]
[White "Maiorov, Nikita"]
[Black "Bazyrtsyrenov, Kirill"]
[Result "1/2-1/2"]
[ECO "E90"]
[WhiteElo "2495"]
[BlackElo "2156"]
[Annotator "zimin"]
[PlyCount "98"]
[EventDate "2021.??.??"]
[TimeControl "90+30"]
[WhiteClock "1:31:18"]
[BlackClock "1:31:20"]

1. d4 Nf6 2. c4 g6 3. Nc3 Bg7 4. e4 d6 5. Nf3 O-O 6. h3 c5 7. d5 e6 8. Bd3
exd5 9. exd5 Re8+ 10. Be3 Rxe3+ 11. fxe3 Qe7 12. Kf2 Nbd7 13. Rf1 Ne5 14. Nxe5
Qxe5 15. Qf3 Qe7 16. Kg1 Nd7 17. Bc2 Ne5 18. Qe2 Bd7 19. Ba4 Bxa4 20. Nxa4 Re8
21. Nc3 h5 22. Rae1 Bh6 23. Ne4 f5 24. Nd2 Nd7 25. Kh1 Nf6 26. Qd3 Qe5 27. Re2
h4 28. Rfe1 Nh5 29. Nf1 Nf6 30. Nd2 Nh5 31. Nf1 Nf6 32. Kg1 Ne4 33. Rc2 Re7 34.
a3 a5 35. Qb3 Ng3 36. Qc3 Nxf1 37. Qxe5 Rxe5 38. Kxf1 Bxe3 39. Ke2 f4 40. Kd3
Kf7 41. Rc3 Rg5 42. Rc2 a4 43. Ke4 Kf6 44. b3 Re5+ 45. Kf3 Rg5 46. Ke4 Re5+ 47.
Kf3 Rg5 48. Ke4 Re5+ 49. Kf3 Rg5 1/2-1/2

[Event "Moscow-Open 2021_A"]
[Site "Moscow, Russia"]
[Date "2021.02.22"]
[Round "3.1"]
[White "Kardashevskiy, Evgeny"]
[Black "Rozum, Ivan"]
[Result "1/2-1/2"]
[ECO "E06"]
[WhiteElo "2427"]
[BlackElo "2546"]
[Annotator "zimin"]
[PlyCount "81"]
[EventDate "2021.??.??"]
[TimeControl "90+30"]
[WhiteClock "0:53:11"]
[BlackClock "0:56:17"]

1. d4 d5 2. Nf3 Nf6 3. c4 e6 4. Nc3 c6 5. g3 Be7 6. Bg2 O-O 7. O-O b6 8. b3 Ba6 9. Qd3 b5 10. cxb5 cxb5 11.
Nxb5 Qb6 12. a4 Nc6 13. Bf4 Nb4 14. Qd2 Bxb5 15. axb5 Qxb5 16. Rfc1 Qb6 17. Bc7 Qb7 18. Ne5 Rfc8 19. Ba5 Nc6 20. Nxc6 Rxc6 21. Rxc6 Qxc6 22. Qc3 Qb7 23. Qc7 Rb8 24. Rc1 Qxc7 25. Rxc7 Bd6 26. Rxa7 Rxb3 27. Ra8+ Rb8 28. Rxb8+ Bxb8 29.
e3 Ne8 30. Bf1 f5 31. Bb5 Kf7 32. Bb4 Nd6 33. Bxd6 Bxd6 34. Kg2 Be7 35. Ba4 Bf6 36. Kf3 Be7 37. Bb5 Bd6 38. Ba4 Kf6 39. h4 h5 40. Be8 g6 41.
Ba4 {[%emt 0:00:00] Ke5 Ke4+} 1/2-1/2

[Event "Moscow-Open 2021_A"]
[Site "Moscow, Russia"]
[Date "2021.02.22"]
[Round "3.2"]
[White "Iljiushenok, Ilia"]
[Black "Smirnov, Timofey"]
[Result "1-0"]
[ECO "D37"]
[WhiteElo "2534"]
[BlackElo "2414"]
[Annotator "zimin"]
[PlyCount "79"]
[EventDate "2021.??.??"]
[TimeControl "90+30"]
[WhiteClock "0:10:08"]
[BlackClock "0:05:02"]

1. d4 d5 2. Bf4 c5 3. e3 Nc6 4. Nf3 Nf6 5. Be2 e6 6. O-O Bd6 7. dxc5 Bxc5 8. c4 O-O 9. Nc3 a6 10. Rc1 d4 11. exd4 Nxd4 12.
h3 h6 13. a3 a5 14. Nxd4 Qxd4 15. Qxd4 Bxd4 16. Nb5 e5 17. Nxd4 exf4 18. Bf3 g5 19. c5 Kg7 20. Nb5 h5 21. Nd6 Rb8 22. Rfd1 g4 23. hxg4 hxg4 24. Bd5 Nxd5 25. Rxd5 Be6 26. Rd4 f3 27. gxf3 gxf3 28. Rc3 Rh8 29. Rxf3 Rh5 30. Ne4 Rh4 31. b4 Kh8 32. Rfd3 axb4 33. axb4 Ra8 34. Ng5 Rxd4 35. Rxd4 Bb3 36. Rd7 Rg8 37. f4 Rg6 38. Kf2 Rf6 39. Ke3 b6 40. Rd6 1-0

[Event "Moscow-Open 2021_A"]
[Site "Moscow, Russia"]
[Date "2021.02.22"]
[Round "3.3"]
[White "Assaubayeva, Bibisara"]
[Black "Afanasiev, Nikita"]
[Result "1/2-1/2"]
[ECO "D85"]
[WhiteElo "2378"]
[BlackElo "2519"]
[Annotator "zimin"]
[PlyCount "101"]
[EventDate "2021.??.??"]
[TimeControl "90+30"]
[WhiteClock "0:00:52"]
[BlackClock "0:01:26"]

1. d4 Nf6 2. c4 g6 3. Nc3 d5 4. cxd5 Nxd5 5. e4 Nxc3 6. bxc3 Bg7 7. Be3 c5 8. Nf3 Bg4 9. Qa4+ Nd7 10. Be2 O-O 11.
Rb1 Nb6 12. Qd1 Qc7 13. O-O Rfd8 14. Qd2 Bxf3 15. gxf3 e5 16. d5 Nc8 17. f4 Nd6 18. Bd3 c4 19. Bc2 Qa5 20. a4 exf4 21.
Bxf4 Qxc3 22. Qxc3 Bxc3 23. e5 Nc8 24. Rfd1 Nb6 25. Rb5 Nd7 26.
e6 fxe6 27. dxe6 Nf6 28. Rxb7 Rxd1+ 29. Bxd1 Rc8 30. Rxa7 Bd4 31. Rb7 Rc6 32. Be2 c3 33. Bh6 Rc8 34. Ba6 Ng4 35. Rd7 Re8 36. Rxd4 Nxh6 37. Rd3 Kg7 38. Rxc3 Rxe6 39. Rc7+ Kf6 40. Bc4 Re1+ 41. Kg2 Ra1 42. Ra7 Ng4 43. a5 Ne5 44. Bf1 Ra2 45. h3 h5 46. a6 Ke6 47. Rg7 Kd6 48. Kg3 Ra3+ 49. Kg2 Ra2 50. Bb5 Kc5 51. Bf1 1/2-1/2

[Event "Moscow-Open 2021_A"]
[Site "Moscow, Russia"]
[Date "2021.02.22"]
[Round "3.4"]
[White "Stupak, Kirill"]
[Black "Kavyev, Ruslan"]
[Result "1-0"]
[ECO "D71"]
[WhiteElo "2492"]
[BlackElo "2339"]
[Annotator "zimin"]
[PlyCount "103"]
[EventDate "2021.??.??"]
[TimeControl "90+30"]
[WhiteClock "0:01:51"]
[BlackClock "0:02:04"]

1. d4 Nf6 2. c4 g6 3. g3 c6 4. Bg2 d5 5. Qa4 Nfd7 6. Qc2 Nb6 7. c5 N6d7 8. Nf3 Bg7 9. O-O O-O 10. Nc3 Na6 11. Bf4 Nc7 12.
b4 Ne6 13. Be3 f5 14. Qc1 Rf7 15. Rd1 Qf8 16. Bf4 h6 17. h4 Nxf4 18. gxf4 Bf6 19. Kh2 Rh7 20. Bh3 Qf7 21. Rg1 Kh8 22. Na4 Nf8 23. Nb2 Ne6 24. Qe3 g5 25. Bxf5 gxf4 26. Bxe6 Bxe6 27. Qxf4 Qh5 28. Nd3 Rf7 29. Nde5 Bxe5 30. Qxe5+ Qxe5+ 31. Nxe5 Rxf2+ 32. Rg2 Rxg2+ 33. Kxg2 Bf5 34. a4 Be4+ 35. Kf2 a6 36. Ke3 Kg7 37. Ra2 Kf6 38. Rb2 Ke6 39. b5 cxb5 40. axb5 a5 41. b6 a4 42. c6 a3 43. Ra2 Bb1 44.
cxb7 Rb8 45. Rxa3 Rxb7 46. Rb3 Ba2 47. Rb2 Bc4 48. Nxc4 dxc4 49. Kd2 Kd5 50. Kc3 e6 51. Rb5+ Kc6 52. Kxc4 {
[%emt 0:00:04] Kd5+} 1-0

[Event "Moscow-Open 2021_A"]
[Site "Moscow, Russia"]
[Date "2021.02.22"]
[Round "3.5"]
[White "Gubajdullin, Alexei"]
[Black "Faizrakhmanov, Ramil"]
[Result "0-1"]
[ECO "B12"]
[WhiteElo "2347"]
[BlackElo "2476"]
[Annotator "zimin"]
[PlyCount "90"]
[EventDate "2021.??.??"]
[TimeControl "90+30"]
[WhiteClock "0:06:32"]
[BlackClock "0:47:06"]

1. e4 c6 2. d4 d5 3. e5 Bf5 4. h4 h5 5. Bd3 Bxd3 6. Qxd3 e6 7. Bg5 Be7 8. Nf3 Nh6 9. Nbd2 Nf5 10. Nf1 c5 11. dxc5 Na6 12. Ne3 Nxe3 13. Bxe3 Qa5+ 14. c3 Nxc5 15. Bxc5 Qxc5 16. Nd4 Rc8 17. Qg3 g6 18. O-O-O b5 19. Kb1 b4 20. Rd3 Qb6 21. cxb4 Rc4 22. Qe3 Bxb4 23. Rhd1 Bc5 24. Rb3 Qd8 25. Rb7 Qc8 26. Rb3 O-O 27. g4 Qd8 28. Rc3 Qxh4 29. b3 Qxg4 30.
Rcd3 Rxd4 31. Rxd4 Qxd1+ 32. Rxd1 Bxe3 33. fxe3 Kg7 34. Kc2 g5 35. Kd3 Rc8 36. e4 dxe4+ 37. Kxe4 Rc2 38. a4 Re2+ 39. Kf3 Rxe5 40. b4 Rf5+ 41. Kg3 Rf4 42. Rb1 h4+ 43. Kh3 Kg6 44. a5 Rf3+ 45. Kg2 Ra3 0-1

[Event "Moscow-Open 2021_A"]
[Site "Moscow, Russia"]
[Date "2021.02.22"]
[Round "3.6"]
[White "Nesterov, Arseniy"]
[Black "Tsoi, Dmitry"]
[Result "1/2-1/2"]
[ECO "A84"]
[WhiteElo "2476"]
[BlackElo "2334"]
[Annotator "zimin"]
[PlyCount "92"]
[EventDate "2021.??.??"]
[TimeControl "90+30"]
[WhiteClock "0:56:55"]
[BlackClock "0:36:04"]

1. d4 d5 2. c4 e6 3. Nc3 f5 4. Bf4 Nf6 5. e3 c6 6. Nf3 Bd6 7. Bxd6 Qxd6 8. Be2 O-O 9. O-O Nbd7 10. Rb1 a6 11. b4 Ne4 12. Qc2 b5 13. c5 Qe7 14. a4 e5 15.
Ra1 Nxc3 16. Qxc3 e4 17. Nd2 Rb8 18. axb5 axb5 19. Ra7 Rb7 20. Rfa1 Nf6 21. Rxb7 Qxb7 22. Qa3 g5 23. Qa7 Qxa7 24. Rxa7 Rf7 25. Ra8 Rc7 26. Nb3 Kf7 27. Na5 Bd7 28. g3 g4 29. Kf1 Ke7 30. Ke1 Be8 31. Ra6 h5 32. Kd2 Nh7 33. Ke1 Ng5 34. Kf1 Ne6 35. Kg2 Ng5 36. Nb3 Rb7 37. Nc1 Ne6 38. Nb3 Ng5 39. Bd1 Rc7 40. Nc1 Rb7 41. Ne2 Ne6 42. Nf4 Nc7 43. Ra1 Rb8 44. Ra7 Kd7 45. Kf1 Ra8 46. Rxa8 Nxa8 1/2-1/2

[Event "Moscow-Open 2021_A"]
[Site "Moscow, Russia"]
[Date "2021.02.23"]
[Round "4.1"]
[White "Zarubitski, Viachaslau"]
[Black "Iljiushenok, Ilia"]
[Result "1/2-1/2"]
[ECO "B22"]
[WhiteElo "2446"]
[BlackElo "2534"]
[Annotator "zimin"]
[PlyCount "89"]
[EventDate "2021.??.??"]
[TimeControl "90+30"]
[WhiteClock "0:01:56"]
[BlackClock "0:04:17"]

1. e4 c5 2. c3 d5 3. exd5 Qxd5 4. d4 Nf6 5. Nf3 Bg4 6. Be2 e6 7. h3 Bh5 8. O-O Nc6 9. Be3 cxd4 10. Nxd4 Bxe2 11. Qxe2 Nxd4 12. Bxd4 Be7 13. Rd1 Qc6 14. Nd2 O-O 15. Qc4 Rfc8 16. Qxc6 Rxc6 17. Bxf6 gxf6 18. Nb3 Rc7 19. g4 Kf8 20. Kg2 Rd8 21. Rxd8+ Bxd8 22. Rd1 Ke7 23. f4 Rc8 24. Nd4 Bb6 25. Ne2 Rc5 26. Ng3 Ra5 27. a3 Rc5 28. Kf3 a5 29. h4 h6 30. Rd2 Rc6 31. Ne4 a4 32.
h5 Ba7 33. Ng3 Bb6 34. Re2 Bc5 35. Re4 b5 36. Re2 Bb6 37. Rd2 Rc4 38. Ne2 Rc5 39. Ng3 Rc4 40. Rd3 Rc6 41. Ne2 Rc5 42. Nd4 Bc7 43. Rd2 Bd6 44. Re2 Kd7 45. Rd2 1/2-1/2

[Event "Moscow-Open 2021_A"]
[Site "Moscow, Russia"]
[Date "2021.02.23"]
[Round "4.2"]
[White "Bykov, Egor"]
[Black "Stupak, Kirill"]
[Result "0-1"]
[ECO "A90"]
[WhiteElo "2436"]
[BlackElo "2492"]
[Annotator "zimin"]
[PlyCount "66"]
[EventDate "2021.??.??"]
[TimeControl "90+30"]
[WhiteClock "0:01:33"]
[BlackClock "0:01:34"]

1. d4 f5 2. g3 Nf6 3. Bg2 e6 4. c4 d5 5. Nh3 c6 6. O-O Bd6 7. Bf4 O-O 8. Qc2 b6 9. Nc3 Ba6 10. cxd5 cxd5 11. Qa4 Bb7 12.
Rac1 Nc6 13. Bg5 Na5 14. Nf4 Qe7 15. b4 Nc4 16. b5 Bxf4 17.
Bxf4 Rfc8 18. Qb3 Nh5 19. Nb1 Nxf4 20. gxf4 a6 21. bxa6 Rxa6 22. Rc2 Bc6 23. Qd3 Rca8 24. Nd2 Ra3 25. Rc3 b5 26. Rxa3 Qxa3 27. Nxc4 bxc4 28. Qb1 Qxa2 29. Qb6 Rc8 30. e3 c3 31. Rc1 Qb2 32. Qxb2 cxb2 33. Rb1 Bb5 0-1

[Event "Moscow-Open 2021_A"]
[Site "Moscow, Russia"]
[Date "2021.02.23"]
[Round "4.3"]
[White "Faizrakhmanov, Ramil"]
[Black "Kukhmazov, Arsen"]
[Result "0-1"]
[ECO "D24"]
[WhiteElo "2476"]
[BlackElo "2442"]
[Annotator "zimin"]
[PlyCount "156"]
[EventDate "2021.??.??"]
[TimeControl "90+30"]
[WhiteClock "0:01:25"]
[BlackClock "0:04:17"]

1.
d4 Nf6 2. c4 e6 3. Nf3 d5 4. Nc3 dxc4 5. e4 Bb4 6. Bxc4 Nxe4 7. O-O Nxc3 8.
bxc3 Bd6 9. Qe2 O-O 10. Rd1 Nd7 11. Ne5 Qe7 12. Rb1 Nxe5 13.
dxe5 Bc5 14. Rd3 Bd7 15. h4 f5 16. Bg5 Qf7 17. h5 h6 18.
Bf4 Kh7 19. Rg3 Be8 20. Rxb7 Bb6 21. Rg6 Qd7 22. Rxe6 Qc8 23. Qf3 Bf7 24. Rexb6 axb6 25. e6 Bxe6 26. Rxb6 cxb6 27. Bd6 Qc7 28. Bxc7 Bxc4 29. Bd6 Rfe8 30. Qxf5+ Kg8 31. Be5 Bxa2 32. f4 Ra7 33. Qg6 Re6 34. Qd3 Re8 35. Qd4 Rae7 36. Qxb6 Bf7 37. Qc5 Rd7 38. Kh2 Red8 39. Qb6 Rd2 40. Bd4 Re8 41. Kh3 Bxh5 42. f5 Ree2 43. f6 Rxg2 44. fxg7 Rh2+ 45. Kg3 Rdg2+ 46. Kf4 Rh4+ 47. Kf5 Rg5+ 48. Ke6 Re4+ 49. Kd7 Bg4+ 50. Kc7 Re7+ 51. Kd8 Rd7+ 52. Ke8 Rgd5 53. Qxh6 Rd8+ 54. Ke7 R5d7+ 55. Kf6 Rd6+ 56. Kg5 Rxh6 57. Kxh6 Rd5 58. Kg6 Bh5+ 59. Kf6 Bf7 60. Ke7 Rf5 61. Bf6 Bc4 62. Bd4 Kh7 63. Bf6 Kg6 64. Bd4 Ra5 65. Kf8 Kf5 66. Ke7 Ra6 67. Kf8 Ke4 68. Ke7 Bg8 69. Kf8 Ra8+ 70. Ke7 Kd5 71. Be3 Rc8 72. Bd4 Rb8 73. Be3 Rb7+ 74. Kf8 Be6 75. Bh6 Ra7 76. Ke8 Kc4 77. Kf8 Kxc3 78. Bg5 Kc4 0-1

[Event "Moscow-Open 2021_A"]
[Site "Moscow, Russia"]
[Date "2021.02.23"]
[Round "4.4"]
[White "Makarian, Rudik"]
[Black "Suleymenov, Alisher"]
[Result "1-0"]
[ECO "A85"]
[WhiteElo "2458"]
[BlackElo "2440"]
[Annotator "zimin"]
[PlyCount "123"]
[EventDate "2021.??.??"]
[TimeControl "90+30"]
[WhiteClock "0:02:48"]
[BlackClock "0:00:55"]

1. d4 f5 2. c4 Nf6 3. Nc3 d6 4. Bg5 Nbd7 5. Qd3 g6 6. h4 h6 7. Bxf6 Nxf6 8. O-O-O Bg7 9. Nh3 Be6 10. Nf4 Bf7 11. e4 e5 12. dxe5 dxe5 13. Qe3 Qc8 14. exf5 Qxf5 15. Nfd5 Nxd5 16. cxd5 O-O 17. Bd3 e4 18. Bxe4 Qf6 19. g4 Qa6 20. Qd3 Qb6 21. f3 Rad8 22. Rd2 Rd6 23. Rhd1 Qa5 24. Kb1 Rb6 25. Ne2 c6 26. Nf4 Qb4 27. Qc2 Qd6 28. dxc6 Qxf4 29. cxb7 Rxb2+ 30. Qxb2 Bxb2 31. Rxb2 Be6 32. Rbd2 Qc7 33.
Rc1 Qe5 34. Rc6 Kg7 35. Rdd6 Bf7 36. Rd7 Qb5+ 37. Kc1 Qf1+ 38. Rd1 Qb5 39. Rc8 Re8 40. b8=Q Qxb8 41. Rxb8 Rxb8 42. Rd7 Kf6 43. Rxa7 Rb4 44. g5+ hxg5 45. hxg5+ Ke6 46. Bd5+ Kxd5 47. Rxf7 Rh4 48. Rf6 Rh3 49. a4 Rg3 50. f4 Ra3 51. Rxg6 Rxa4 52. Rf6 Ra2 53. g6 Rg2 54. f5 Kc4 55. Re6 Rg5 56. Re5 Kc3 57. Kb1 Kd4 58.
Ra5 Kc4 59. Ra8 Rg1+ 60. Kc2 Rg2+ 61. Kc1 Kd5 62. f6 1-0